 Dungeon Crawl Stone Soup version 0.18-a0-833-gaaf0859 (webtiles) character file.

451 prinygod the Vandal (level 6, 13/44 HPs)
             Began as a Demonspawn Warper on Dec 17, 2015.
             Was a Follower of Okawaru.
             Quit the game on level 6 of the Dungeon.
             The game lasted 00:15:41 (4150 turns).

prinygod the Vandal (Demonspawn Warper)             Turns: 4150, Time: 00:15:41

Health: 13/44      AC:  6    Str: 12    XL:     6   Next: 75%
Magic:  6/9        EV: 11    Int: 16    God:    Okawaru [*.....]
Gold:   147        SH:  0    Dex: 12    Spells: 2 memorised, 6 levels left

rFire  . . .     SeeInvis .     m - +0 hunting sling
rCold  . . .     Gourm    .     B - +0 ring mail
rNeg   . . .     Faith    .     (no shield)
rPois  .         Spirit   .     s - +0 helmet
rElec  .         Dismiss  .     (no cloak)
rCorr  .         Reflect  .     (no gloves)
SustAt .         Harm     .     (no boots)
MR     .....                    (no amulet)
Stlth  ..........               (no ring)
                                (no ring)

@: very slightly contaminated, not resistant to hostile enchantments, extremely
unstealthy
A: hooves 2, rot immunity, sturdy frame 1
a: Heroism, Renounce Religion


You were on level 6 of the Dungeon.
You worshipped Okawaru.
Okawaru was aware of your devotion.
You were near starving.

You visited 1 branch of the dungeon, and saw 5 of its levels.

You collected 147 gold pieces.

Inventory:

Hand Weapons
 a - a +0 falchion
 m - a +0 hunting sling (weapon)
Missiles
 e - 5 tomahawks of dispersal
 l - 8 tomahawks
 o - 30 poisoned needles
 p - 35 sling bullets
 q - 3 poisoned sling bullets
 t - 25 stones (quivered)
Armour
 b - a +0 leather armour
 s - a +0 helmet (worn)
 B - a +0 ring mail (worn)
Jewellery
 r - an uncursed ring of ice
 A - an uncursed ring of teleportation
Wands
 u - a wand of digging (10)
Scrolls
 g - 2 scrolls of teleportation
 h - a scroll of noise
 i - 2 scrolls of remove curse
 j - a scroll of fear {unknown}
 k - a scroll of enchant weapon {unknown}
 n - a scroll of magic mapping {unknown}
 x - 4 scrolls of identify {unknown}
 y - a scroll of recharging {unknown}
 z - a scroll of enchant armour {unknown}
Potions
 d - a potion of degeneration {unknown}
 v - a potion of curing
 C - a potion of heal wounds {unknown}
Books
 c - a book of Spatial Translocations

   Spells                             Type                      Level
   a - Apportation                    Translocation                1
   b - Blink                          Translocation                2
   c - Shroud of Golubria             Charms/Translocation         2
   d - Portal Projectile              Translocation                3
   e - Teleport Other                 Translocation                3
   f - Passage of Golubria            Translocation                4
Comestibles
 f - 2 bread rations
 w - 2 meat rations


   Skills:
 - Level 2.0 Fighting
 - Level 3.1 Long Blades
 * Level 5.7(5.8) Slings
 - Level 0.8(3.6) Throwing
 - Level 0.8 Armour
 - Level 1.7 Dodging
 - Level 2.0 Spellcasting
 - Level 2.6 Translocations


You had 6 spell levels left.
You knew the following spells:

 Your Spells              Type           Power        Failure   Level  Hunger
a - Apportation           Tloc           ##........   12%         1    #......
b - Blink                 Tloc           N/A          17%         2    ###....


Dungeon Overview and Level Annotations

Branches:
Dungeon (4/15)
 Temple: D:4-7

Altars:
Okawaru

Annotations:
D:6 Edmund; thinklincoln's ghost, weakling FeSu


Innate Abilities, Weirdness & Mutations

You have hoof-like feet.
You are immune to rotting.
Your movements are slightly less encumbered by armour (ER -2).


Message History

You are very lightly contaminated with residual magic.
The air around you crackles with energy!
Thinklincoln's ghost turns its malevolent gaze towards you.
The adder bites you. The adder barely misses you.
Casting: Blink
Confirm with . or Enter, or press ? or * to list all spells.
You blink.
Thinklincoln's ghost barely misses you. Thinklincoln's ghost barely misses you.
The adder bites you.
Thinklincoln's ghost hits you but does no damage.
You hear a blaring wail to the east.
You hear a shout!
You hear a shout!
You hear a shout! x2
You hear a bark!
You hear a shout!
You hear an angry buzzing noise.
The adder closely misses you.
Read which item? (? for menu, Esc to quit)
Okay, then.
The adder bites you.
* * * LOW HITPOINT WARNING * * *
The adder misses you.
Are you sure you want to abandon this character and quit the game? (Confirm with "yes".)

#.#>........
#.#####.#.######..
#.(..(..)...# ##
##)######....#
..#######.### #
..........#
..##.##.#######(#
..........# #.# #
#@# #.#
#.##.##S#.#####.###
#......#.........#
#.....W####....###
#.#......W..##.# #.
#.##########.# #.
#.# # ..# ###


You could see thinklincoln's ghost and an adder.

Vanquished Creatures
  A sky beast (D:6)
  A giant frog (D:6)
  A scorpion (D:4)
  A giant frog skeleton (D:3)
  Ijyb (D:2)
  2 worker ants
  Robin (D:2)
  2 adders (D:2)
  4 gnolls (D:4)
  2 worms
  4 giant geckos
  4 giant cockroaches
  13 goblins
  9 hobgoblins
  3 jackals (D:3)
  11 kobolds
  A quokka (D:2)
  6 bats (D:1)
  6 giant newts
  14 rats
87 creatures vanquished.

Notes
Turn   | Place    | Note
--------------------------------------------------------------
     0 | D:1      | prinygod the Demonspawn Warper began the quest for the Orb.
     0 | D:1      | Reached XP level 1. HP: 16/16 MP: 3/3
   580 | D:1      | Gained mutation: You have large cloven feet. [demonic ancestry]
   580 | D:1      | Reached XP level 2. HP: 22/22 MP: 5/5
  1245 | D:1      | Reached skill level 3 in Long Blades
  1458 | D:2      | Gained mutation: Your movements are slightly less encumbered by armour (ER -2). [demonic ancestry]
  1458 | D:2      | Reached XP level 3. HP: 23/27 MP: 6/6
  1477 | D:2      | Noticed Robin
  1489 | D:2      | Killed Robin
  1489 | D:2      | Reached skill level 1 in Slings
  1685 | D:2      | Found an iron altar of Okawaru.
  1686 | D:2      | Noticed Ijyb
  1718 | D:2      | Killed Ijyb
  1718 | D:2      | Gained mutation: You have hoof-like feet. [demonic ancestry]
  1718 | D:2      | Reached XP level 4. HP: 22/33 MP: 7/7
  1794 | D:2      | Found a faded altar to an unknown god.
  1850 | D:2      | Learned a level 2 spell: Blink
  2544 | D:2      | Became a worshipper of Warmaster Okawaru
  2781 | D:3      | Reached XP level 5. HP: 29/38 MP: 8/8
  3667 | D:4      | Reached skill level 4 in Slings
  3986 | D:4      | Gained mutation: You are immune to rotting. [demonic ancestry]
  3986 | D:4      | Reached XP level 6. HP: 31/44 MP: 4/9
  4027 | D:4      | You fall through a shaft for 2 floors!
  4047 | D:6      | Reached skill level 5 in Slings
  4073 | D:6      | Noticed Edmund
  4110 | D:6      | Reached * piety under Okawaru
  4136 | D:6      | Noticed thinklincoln's ghost (weakling FeSu)
  4150 | D:6      | Quit the game

Vault maps used:
D:1:      co_arrival_square_in_a_square_in_a_square, minmay_vboxes
D:2:      okawaru_ov_weapons_minmay, ecumenical_altar_2, uniq_iyjb, uniq_robin
D:4:      grunt_temple_overflow_open, minmay_temple_entry_statues_fountains,
          minmay_misc_feat_secret_circle, dk_vineyard_2
D:6:      lemuel_ratsnest, serial_shops, kennysheep_mini_moat,
          lexackson_kobold_supper, uniq_edmund, uniq_pikel

Action                   |  1- 3 |  4- 6 || total
-------------------------+-------+-------++-------
Melee: Falchion          |   138 |     5 ||   143
 Fire: Hunting sling     |     8 |   190 ||   198
 Cast: Blink             |       |     6 ||     6
  Use: Scroll            |     1 |     3 ||     4
  Eat: Chunk             |     2 |     7 ||     9
